 Dungeon Crawl Stone Soup version 0.18-a0-1285-g60d00e1 (webtiles) character file.

314 Ijustatesigmund the Cudgeler (level 6, -1/50 HPs)
             Began as a Demonspawn Fighter on Feb 8, 2016.
             Was an Initiate of Okawaru.
             Killed by divine providence
             ... invoked by an orc priest
              (11 damage)
             ... on level 4 of the Dungeon.
             The game lasted 00:07:39 (3063 turns).

Ijustatesigmund the Cudgeler (Demonspawn Fighter)   Turns: 3063, Time: 00:07:40

Health: -1/50      AC:  7    Str: 17    XL:     6   Next: 19%
Magic:  6/6        EV:  7    Int:  9    God:    Okawaru [......]
Gold:   96         SH:  9    Dex: 14    Spells: 0 memorised, 5 levels left

rFire  + . .     SeeInvis .     a - +1 flail
rCold  . . .     Gourm    .     p - +2 ring mail {rF+}
rNeg   . . .     Faith    .     c - +0 shield
rPois  .         Spirit   .     (no helmet)
rElec  .         Dismiss  .     (no cloak)
rCorr  .         Reflect  .     (no gloves)
SustAt .         Harm     .     (no boots)
MR     .....                    e - amulet of magic regeneration
Stlth  +.........               (no ring)
                                (no ring)

@: not resistant to hostile enchantments, very unstealthy
A: powered by death 2
a: Renounce Religion


You were on level 4 of the Dungeon.
You worshipped Okawaru.
Okawaru was noncommittal.
You were not hungry.

You visited 1 branch of the dungeon, and saw 4 of its levels.

You collected 96 gold pieces.

Inventory:

Hand Weapons
 a - a +1 flail (weapon)
Missiles
 d - 11 javelins (quivered)
Armour
 c - a +0 shield (worn)
 p - a +2 ring mail of fire resistance (worn)
Jewellery
 e - an amulet of magic regeneration (around neck)
Scrolls
 b - a scroll of magic mapping
 g - a scroll of fear
 i - a scroll of recharging {unknown}
 m - a scroll of amnesia
 n - 4 scrolls of enchant weapon
Potions
 h - 2 potions of brilliance
 k - 3 potions of flight
 o - a potion of cancellation
 q - a potion of magic {unknown}
Comestibles
 f - 3 bread rations


   Skills:
 + Level 4.8 Fighting
 * Level 4.8 Maces & Flails
 - Level 2.6 Armour
 - Level 2.6 Shields


You had 5 spell levels left.
You didn't know any spells.

Dungeon Overview and Level Annotations

Branches:
Dungeon (4/15)
 Temple: D:4-7

Altars:
Okawaru
Trog
The Shining One

Annotations:
D:3 vatarom's ghost, amateur OgHu


Innate Abilities, Weirdness & Mutations

You regenerate health from kills.


Message History

You block the orc priest's attack.
Drink which item? (? for menu, Esc to quit)
Okay, then.
You see here a beef jerky.
The orc wizard gestures at you while chanting.
The magic dart hits you!
* * * LOW HITPOINT WARNING * * *
You sock the orc wizard!
The orc wizard is almost dead.
You block the orc wizard's attack.
The orc priest miscasts a cantrip.
The orc wizard points at you and mumbles some strange words.
The magic dart hits you!
* * * LOW HITPOINT WARNING * * *
You hit the orc wizard.
You kill the orc wizard!
Okawaru accepts your kill.
The orc priest mumbles some strange prayers to Beogh against you.
Something smites you!
You die...

#. ### ## #.# #.. ..# .
#.# #.# #.# ###[##.## #.#
#.# ....#...######.# #.#
#............# #.#
####.#?..######.#######.#
.......So@...........##.#
###.##.####.#######.##.#
#..o)...#.# #....#
####.##.#.# #.#### #o#
..# #.##### ... ##.#
#...... #.. ...# #.....#
##. #.#######.##... .#
#.........##.#.


You could see an orc priest, an adder and an orc.

Vanquished Creatures
  2 scorpions (D:4)
  An orc priest (D:3)
  An orc wizard (D:4)
  Ijyb (D:2)
  4 adders
  An ooze (D:2)
  2 worms
  4 giant geckos
  7 orcs
  4 ball pythons
  5 giant cockroaches
  6 goblins
  5 hobgoblins
  6 jackals (D:2)
  12 kobolds
  5 bats
  4 giant newts
  7 rats
77 creatures vanquished.

Notes
Turn   | Place    | Note
--------------------------------------------------------------
     0 | D:1      | Ijustatesigmund the Demonspawn Fighter began the quest for the Orb.
     0 | D:1      | Reached XP level 1. HP: 18/18 MP: 1/1
   178 | D:1      | Gained mutation: You regenerate a little health from kills. [demonic ancestry]
   178 | D:1      | Reached XP level 2. HP: 21/24 MP: 2/2
   844 | D:2      | Noticed Ijyb
   860 | D:2      | Killed Ijyb
   860 | D:2      | Reached XP level 3. HP: 8/30 MP: 3/3
  1037 | D:2      | Reached XP level 4. HP: 37/37 MP: 4/4
  1238 | D:2      | Reached skill level 4 in Fighting
  1799 | D:3      | Noticed vatarom's ghost (amateur OgHu)
  1966 | D:3      | Found an iron altar of Okawaru.
  1966 | D:3      | Found a bloodstained altar of Trog.
  1970 | D:3      | Became a worshipper of Warmaster Okawaru
  2024 | D:3      | Found a glowing golden altar of the Shining One.
  2103 | D:3      | Gained mutation: You regenerate health from kills. [demonic ancestry]
  2103 | D:3      | Reached XP level 5. HP: 30/42 MP: 5/5
  2995 | D:4      | Reached XP level 6. HP: 27/49 MP: 6/6
  3063 | D:4      | Killed from afar by an orc priest

Vault maps used:
D:1:      mrwooster_arrival_statue_2, serial_bayou, serial_bayou_lagoon_a,
          serial_bayou_pond_e, serial_bayou_shore_b, serial_bayou_pond_a,
          roderic_whirl
D:2:      uniq_iyjb
D:3:      gammafunk_temple_overflow_wave, tso_metal_star,
          minmay_misc_feat_diagonals, kennysheep_generic_room_15
D:4:      nicolae_dithmenos_shadow_blocks, zin_scriptorium

Action                   |  1- 3 |  4- 6 || total
-------------------------+-------+-------++-------
Melee: Flail             |    98 |   200 ||   298
  Use: Scroll            |     6 |     6 ||    12
       Potion            |     1 |     2 ||     3
  Eat: Chunk             |       |     5 ||     5
       Beef jerky        |       |     1 ||     1
       Pizza             |       |     1 ||     1
